 Dungeon Crawl Stone Soup version 0.18.1-8-gdd0e5ea (webtiles) character file.

193 Liquid the Skirmisher (level 5, -8/45 HPs)
             Began as a Draconian Wanderer on June 2, 2016.
             Mangled by a mummy (14 damage)
             ... in an ossuary.
             The game lasted 00:06:58 (2987 turns).

Liquid the Skirmisher (Draconian Wanderer)          Turns: 2987, Time: 00:06:59

Health: -8/45      AC:  5    Str: 17    XL:     5   Next: 43%
Magic:  6/6        EV: 12    Int: 11    God:
Gold:   113        SH:  0    Dex: 10    Spells: 0 memorised, 6 levels left

rFire  + . .     SeeInvis .     b - +0 mace
rCold  . . .     Gourm    .     (armour unavailable)
rNeg   . . .     Faith    .     (no shield)
rPois  .         Spirit   .     (helmet restricted)
rElec  .         Dismiss  .     (no cloak)
rCorr  .         Reflect  .     (no gloves)
SustAt .         Harm     .     (no boots)
MR     .....                    (no amulet)
Stlth  +.........               y - ring of protection from fire
                                g - ring of wizardry

@: not resistant to hostile enchantments, very unstealthy
A: unfitting armour, cold-blooded, AC +5
a: no special abilities


You were in an ossuary.
You were not hungry.

You visited 1 branch of the dungeon, and saw 4 of its levels.
You also visited: Ossuary.

You collected 113 gold pieces.

Inventory:

Hand Weapons
 b - a +0 mace (weapon)
Missiles
 k - 3 javelins (quivered)
Jewellery
 g - a ring of wizardry (left hand)
 y - a ring of protection from fire (right hand)
Wands
 a - a wand of confusion (15/48)
Scrolls
 f - a scroll of magic mapping {unknown}
 i - a scroll of amnesia {unknown}
 m - a scroll of enchant armour {unknown}
 q - a scroll of noise {unknown}
 u - a scroll of teleportation {unknown}
 x - a scroll of recharging {unknown}
Potions
 h - 2 potions of agility
 j - a potion of curing
 n - a potion of resistance {unknown}
 o - a potion of brilliance {unknown}
 r - a potion of mutation {unknown}
 s - 2 potions of magic {unknown}
 w - 2 potions of invisibility {unknown}
Books
 c - Vemiajod's Collected Works on Poisoning

   Spells                             Type                      Level
   a - Sting                          Conjuration/Poison           1
   b - Ignite Poison                  Fire/Transmutation/Poison    3
Comestibles
 d - 4 bread rations


   Skills:
 + Level 3.2 Fighting
   Level 3.0(3.5) Axes
 + Level 2.6(3.3) Maces & Flails
 + Level 2.1 Throwing
 * Level 2.5 Dodging
 - Level 1.0 Spellcasting
   Level 1.0 Earth Magic
   Level 1.0 Poison Magic
 - Level 1.0 Evocations


You had 6 spell levels left.
You didn't know any spells.

Dungeon Overview and Level Annotations

Branches:
Dungeon (4/15)
 Temple: D:4-7

Altars:
Dithmenos


Innate Abilities, Weirdness & Mutations

Your plain brown scales are hard (AC +5).
Your body does not fit into most forms of armour.
You are cold-blooded and may be slowed by cold attacks.


Message History

You destroy the mummy!
The kobold zombie closely misses you.
You barely miss the mummy.
The mummy is lightly damaged.
The mummy hits you!
* * * LOW HITPOINT WARNING * * *
The kobold zombie closely misses you.
Unknown command.
Drink which item? (? for menu, Esc to quit)
You feel better. The mummy closely misses you.
You hit the mummy but do no damage.
The mummy is lightly damaged.
The kobold zombie closely misses you.
You hit the mummy.
The mummy is lightly damaged.
The kobold zombie hits you but does no damage.
The mummy hits you.
* * * LOW HITPOINT WARNING * * *
The kobold zombie barely misses you. The mummy hits you!
You die...

#................
#...............
##..............
#+##........#
##......##
##....## #....#
#....# #@Z..#
#.M..# #....#
#....# #....#
#.∩∩.# ######


You could see a mummy and a kobold zombie.

Vanquished Creatures
  6 mummies (Ossuary)
  3 adders
  2 oozes
  A worm (D:2)
  3 dart slugs (D:1)
  A giant gecko (D:1)
  4 orcs
  2 giant cockroaches (D:3)
  2 gnoll zombies (Ossuary)
  4 goblins
  7 hobgoblins
  4 jackals (D:2)
  4 kobolds (D:2)
  13 bats
  5 giant newts
  2 hobgoblin zombies (Ossuary)
  2 kobold zombies (Ossuary)
  An orc zombie (Ossuary)
  A quokka zombie (D:4)
  5 rats
  A rat zombie (D:4)
73 creatures vanquished.

Notes
Turn   | Place    | Note
--------------------------------------------------------------
     0 | D:1      | Liquid the Draconian Wanderer began the quest for the Orb.
     0 | D:1      | Liquid set off with: a wand of confusion (15/48), a +0 mace, Vemiajod's Collected Works on Poisoning, a bread ration
     0 | D:1      | Reached XP level 1. HP: 17/17 MP: 2/2
    10 | D:1      | Identified Vemiajod's Collected Works on Poisoning
    98 | D:1      | Reached skill level 1 in Maces & Flails
   121 | D:1      | Reached XP level 2. HP: 20/25 MP: 3/3
   445 | D:1      | Reached skill level 1 in Dodging
   684 | D:2      | Reached XP level 3. HP: 30/30 MP: 4/4
   964 | D:2      | You fall through a shaft!
  1654 | D:2      | Reached XP level 4. HP: 27/38 MP: 5/5
  1825 | D:3      | Found a shadowy altar of Dithmenos.
  2558 | D:4      | Found a sand-covered staircase.
  2574 | Ossuary  | Entered an ossuary
  2613 | Ossuary  | Reached XP level 5. HP: 16/45 MP: 6/6
  2983 | Ossuary  | HP: 1/45 [mummy (12)]
  2987 | Ossuary  | Mangled by a mummy

Skill      XL: |  1  2  3  4 |
---------------+-------------+-----
Maces & Flails | 1 2 |  2.6
Dodging        | 1 2 |  2.5
Fighting       | 3 |  3.2
Throwing       | 2 |  2.1
Axes           | |  3.0
Spellcasting   | |  1.0
Earth Magic    | |  1.0
Poison Magic   | |  1.0
Evocations     | |  1.0

Action                   |  1- 3 |  4- 6 || total
-------------------------+-------+-------++-------
Melee: Mace              |   141 |   135 ||   276
       Tailslap          |    10 |    31 ||    41
  Use: Scroll            |       |     3 ||     3
       Potion            |       |     6 ||     6
 Stab: Sleeping          |     1 |       ||     1
  Eat: Chunk             |     3 |     2 ||     5
       Fruit             |       |     1 ||     1
       Pizza             |       |     1 ||     1
       Beef jerky        |       |     1 ||     1
Armor: Skin              |    57 |    37 ||    94
Dodge: Dodged            |   111 |   153 ||   264
